Get step-by-step instructions on how to execute this build order below. Start the game timer, and the build order will tick by so you can play in parallel with StarCraft on a second screen or mobile device.

Game Time

  0:00

Last Step

  N/A

Next Step

Upcoming Step



Don't want to look back and forth between 2 screens? Try out our Overwolf App, the Spawning Tool Build Advisor to get an in-game overlay with this build!

Complete Build Order

  12  0:01  Drone  
  13  0:13  Overlord  
  13  0:17  Drone  
  14  0:31  Drone x2  
  16  0:50  Hatchery  
  16  0:53  Drone  
  16  0:57  Extractor  
  16  0:58  Drone  
  16  1:02  Drone  
  17  1:09  Drone  
  18  1:22  Spawning Pool  
  17  1:26  Drone  
  18  1:36  Overlord  
  18  1:42  Drone  
  19  2:09  Roach Warren  
  19  2:10  Queen  
  19  2:11  Queen  
  19  2:13  Drone  
  23  2:17  Zergling x4  
  25  2:24  Metabolic Boost  
  25  2:31  Drone x2  
  27  2:49  Roach x3  
  33  2:55  Roach  
  35  3:05  Zergling x2  
  36  3:06  Overlord  
  36  3:08  Overlord  
  36  3:25  Roach x2  
  36  3:26  Zergling x4, Roach  
  44  3:41  Zergling x4, Roach x2  
  48  4:09  Zergling x2  
  51  4:10  Roach  
  50  4:20  Zergling x4, Roach  
  50  4:23  Overlord  
  48  4:39  Zergling x4, Roach  
  50  4:56  Zergling x2  
  50  4:57  Zergling x2, Roach x2  
  49  5:12  Zergling x2, Roach  
  48  5:24  Zergling x2  
  48  5:25  Zergling x2, Roach  
  52  5:30  Zergling x2